[ AOE2 MATCH · #504960649 ]
UnrankedLithuanians vs Magyars
Rival team · LOSS
[ REPLAY ANALYSIS · EXTRACTED FROM THE RECORDED GAME ]
Feudal
8:51
Castle
24:02
Imperial
—
| APM avg | 66.3 |
| APM peak | 87 |
| eAPM avg | 28.2 |
| Villagers / military | 127 / 134 |
Focus
⚔️ 33.8% · 🌾 66.2%
Skirmisher ×67 · Knight ×44 · Spearman ×15 · Scout Cavalry ×4 · Monk ×3 · Cavalry Archer ×1
Feudal
8:58
Castle
24:18
Imperial
—
| APM avg | 57.6 |
| APM peak | 90 |
| eAPM avg | 22.1 |
| Villagers / military | 86 / 87 |
Focus
⚔️ 44.2% · 🌾 55.8%
Cavalry Archer ×51 · Skirmisher ×12 · Scout Cavalry ×10 · Monk ×7 · Knight ×6 · Spearman ×1
Match map
Initial resources + every placement click. Lines = walls · curves = elevation contours. ◆ gold · ⬟ stone · ● berries · ✦ relic · ◌ wall gap
Your base· Open — 6t gap
pepeshimada's base· Open — 1t gap
Smoothed initial terrain · ◌ = detected wall gap · hover for details
Inputs per minute
— Proctologue - - pepeshimada
Build order — Proctologue
First 150 of 446 actions detected
| 0:00 | Queue | Villager (Male) |
| 0:01 | Queue | Villager (Male) |
| 0:01 | Queue | Villager (Male) |
| 0:01 | Queue | Villager (Male) |
| 0:02 | Build | House |
| 0:03 | Build | House |
| 0:08 | Queue | Villager (Male) |
| 0:18 | Queue | Villager (Male) |
| 1:28 | Queue | Villager (Male) |
| 1:28 | Queue | Villager (Male) |
| 1:48 | Build | Lumber Camp |
| 2:04 | Queue | Villager (Male) |
| 2:04 | Queue | Villager (Male) |
| 2:15 | Queue | Villager (Male) |
| 2:15 | Queue | Villager (Male) |
| 3:02 | Build | House |
| 3:21 | Queue | Villager (Male) |
| 3:31 | Queue | Villager (Male) |
| 3:49 | Queue | Villager (Male) |
| 3:55 | Queue | Villager (Male) |
| 4:29 | Queue | Villager (Male) |
| 5:08 | Build | Mill |
| 5:11 | Queue | Villager (Male) |
| 5:16 | Queue | Villager (Male) |
| 5:46 | Research | Loom |
| 5:46 | Research | Loom |
| 5:52 | Queue | Villager (Male) |
| 6:40 | Research | Feudal Age |
| 7:26 | Build | Barracks |
| 7:36 | Build | House |
| 7:39 | Build | House |
| 8:12 | Queue | Villager (Male) |
| 8:31 | Build | Palisade Wall |
| 8:32 | Build | Palisade Wall |
| 8:34 | Build | Palisade Wall |
| 8:34 | Build | Palisade Wall |
| 8:35 | Build | Palisade Wall |
| 8:51 | Age | Feudal Age |
| 8:53 | Build | Archery Range |
| 8:54 | Queue | Spearman |
| 9:01 | Queue | Villager (Male) |
| 9:01 | Queue | Spearman |
| 9:04 | Research | Double-Bit Axe |
| 9:14 | Queue | Spearman |
| 9:31 | Queue | Spearman |
| 9:34 | Queue | Skirmisher |
| 9:37 | Queue | Villager (Male) |
| 9:51 | Queue | Skirmisher |
| 9:58 | Build | Palisade Gate |
| 10:16 | Build | House |
| 10:51 | Queue | Skirmisher |
| 10:52 | Queue | Spearman |
| 10:55 | Build | Farm |
| 10:56 | Build | Farm |
| 10:58 | Queue | Villager (Male) |
| 10:58 | Queue | Villager (Male) |
| 11:10 | Build | House |
| 11:13 | Queue | Skirmisher |
| 11:14 | Queue | Spearman |
| 11:44 | Build | House |
| 11:50 | Build | Palisade Wall |
| 11:55 | Queue | Spearman |
| 12:02 | Queue | Spearman |
| 12:05 | Queue | Spearman |
| 12:17 | Build | House |
| 12:20 | Queue | Villager (Male) |
| 12:24 | Build | Farm |
| 12:24 | Build | Farm |
| 12:24 | Build | Farm |
| 12:25 | Build | Farm |
| 12:25 | Build | Farm |
| 12:51 | Queue | Villager (Male) |
| 13:06 | Queue | Villager (Male) |
| 13:07 | Build | Farm |
| 13:09 | Build | Farm |
| 13:29 | Queue | Spearman |
| 13:31 | Queue | Villager (Male) |
| 13:33 | Build | Blacksmith |
| 13:40 | Queue | Spearman |
| 13:49 | Build | Farm |
| 13:54 | Queue | Villager (Male) |
| 14:12 | Build | Watch Tower |
| 14:21 | Research | Scale Mail Armor |
| 14:44 | Queue | Villager (Male) |
| 14:49 | Build | House |
| 14:50 | Build | House |
| 14:53 | Research | Fletching |
| 14:54 | Queue | Skirmisher |
| 14:59 | Build | House |
| 15:03 | Queue | Skirmisher |
| 15:07 | Build | House |
| 15:07 | Build | House |
| 15:11 | Build | House |
| 15:29 | Queue | Villager (Male) |
| 15:36 | Queue | Villager (Male) |
| 15:40 | Build | Farm |
| 15:56 | Queue | Spearman |
| 16:11 | Build | House |
| 16:15 | Queue | Villager (Male) |
| 16:17 | Queue | Spearman |
| 16:17 | Queue | Spearman |
| 16:22 | Build | House |
| 16:26 | Queue | Villager (Male) |
| 16:30 | Build | Mining Camp |
| 16:32 | Build | Farm |
| 17:05 | Queue | Villager (Male) |
| 17:08 | Build | Farm |
| 17:08 | Build | Farm |
| 17:10 | Build | Farm |
| 17:15 | Queue | Villager (Male) |
| 17:41 | Build | Mining Camp |
| 17:44 | Queue | Villager (Male) |
| 17:46 | Build | Farm |
| 17:57 | Queue | Villager (Male) |
| 18:12 | Queue | Villager (Male) |
| 18:23 | Queue | Villager (Male) |
| 18:31 | Build | Farm |
| 18:37 | Research | Wheelbarrow |
| 18:37 | Research | Horse Collar |
| 19:00 | Queue | Villager (Male) |
| 19:09 | Build | Lumber Camp |
| 19:27 | Build | Stable |
| 19:57 | Queue | Villager (Male) |
| 20:01 | Queue | Villager (Male) |
| 20:27 | Build | Farm |
| 20:31 | Build | Stable |
| 20:51 | Build | Farm |
| 20:52 | Build | Farm |
| 21:02 | Build | Farm |
| 21:04 | Build | Farm |
| 21:11 | Build | Stable |
| 21:22 | Research | Castle Age |
| 21:22 | Research | Castle Age |
| 21:38 | Build | Farm |
| 21:51 | Build | Farm |
| 21:51 | Build | Farm |
| 22:03 | Build | Mining Camp |
| 22:06 | Queue | Scout Cavalry |
| 22:06 | Queue | Scout Cavalry |
| 22:18 | Build | House |
| 22:23 | Build | Palisade Wall |
| 22:30 | Queue | Villager (Male) |
| 22:31 | Queue | Scout Cavalry |
| 22:31 | Queue | Scout Cavalry |
| 22:37 | Research | Forging |
| 22:40 | Queue | Villager (Male) |
| 22:50 | Build | House |
| 22:58 | Research | Bloodlines |
| 22:59 | Research | Bloodlines |
| 23:04 | Build | Farm |
Build order — pepeshimada
First 150 of 286 actions detected
| 0:01 | Queue | Villager (Male) |
| 0:01 | Queue | Villager (Male) |
| 0:02 | Build | House |
| 0:03 | Build | House |
| 0:06 | Queue | Villager (Male) |
| 0:07 | Queue | Villager (Male) |
| 1:34 | Queue | Villager (Male) |
| 1:34 | Queue | Villager (Male) |
| 1:35 | Queue | Villager (Male) |
| 2:02 | Build | Lumber Camp |
| 2:03 | Queue | Villager (Male) |
| 2:03 | Queue | Villager (Male) |
| 2:16 | Queue | Villager (Male) |
| 2:16 | Queue | Villager (Male) |
| 2:46 | Queue | Villager (Male) |
| 2:46 | Queue | Villager (Male) |
| 3:03 | Queue | Villager (Male) |
| 3:11 | Build | House |
| 3:34 | Queue | Villager (Male) |
| 3:35 | Queue | Villager (Male) |
| 3:47 | Queue | Villager (Male) |
| 3:47 | Queue | Villager (Male) |
| 4:21 | Queue | Villager (Male) |
| 4:21 | Queue | Villager (Male) |
| 5:04 | Queue | Villager (Male) |
| 5:05 | Queue | Villager (Male) |
| 5:12 | Build | Mill |
| 5:57 | Queue | Villager (Male) |
| 5:59 | Research | Loom |
| 6:30 | Build | House |
| 6:48 | Research | Feudal Age |
| 6:49 | Research | Feudal Age |
| 7:06 | Build | Barracks |
| 8:02 | Build | Palisade Wall |
| 8:30 | Build | House |
| 8:58 | Age | Feudal Age |
| 9:04 | Build | Stable |
| 9:07 | Queue | Villager (Male) |
| 9:07 | Queue | Villager (Male) |
| 9:08 | Research | Double-Bit Axe |
| 9:08 | Research | Double-Bit Axe |
| 9:13 | Build | House |
| 9:16 | Build | Palisade Gate |
| 9:44 | Build | Palisade Wall |
| 9:45 | Queue | Scout Cavalry |
| 9:50 | Queue | Scout Cavalry |
| 9:51 | Queue | Villager (Male) |
| 10:34 | Queue | Scout Cavalry |
| 10:56 | Queue | Scout Cavalry |
| 10:57 | Queue | Villager (Male) |
| 11:05 | Build | Farm |
| 11:06 | Build | Farm |
| 11:42 | Queue | Scout Cavalry |
| 11:55 | Build | Farm |
| 12:04 | Build | House |
| 12:21 | Build | House |
| 12:24 | Queue | Villager (Male) |
| 12:27 | Build | Farm |
| 12:30 | Build | Farm |
| 12:30 | Build | Farm |
| 12:31 | Build | Farm |
| 12:37 | Queue | Scout Cavalry |
| 12:42 | Build | Palisade Gate |
| 12:54 | Build | Farm |
| 12:55 | Build | Farm |
| 12:59 | Build | House |
| 13:01 | Build | Farm |
| 13:09 | Queue | Villager (Male) |
| 13:31 | Build | Archery Range |
| 13:37 | Queue | Villager (Male) |
| 13:49 | Build | House |
| 14:03 | Queue | Villager (Male) |
| 14:05 | Queue | Skirmisher |
| 14:05 | Queue | Skirmisher |
| 14:11 | Build | Palisade Gate |
| 14:22 | Build | House |
| 14:24 | Build | House |
| 14:28 | Queue | Skirmisher |
| 14:29 | Queue | Villager (Male) |
| 14:50 | Queue | Skirmisher |
| 14:52 | Build | Farm |
| 14:58 | Queue | Villager (Male) |
| 15:12 | Build | Palisade Gate |
| 15:35 | Queue | Skirmisher |
| 15:54 | Build | Lumber Camp |
| 15:58 | Queue | Skirmisher |
| 15:58 | Queue | Villager (Male) |
| 16:20 | Queue | Villager (Male) |
| 16:55 | Queue | Skirmisher |
| 16:56 | Queue | Villager (Male) |
| 16:58 | Queue | Villager (Male) |
| 17:01 | Build | House |
| 17:18 | Queue | Skirmisher |
| 17:18 | Queue | Scout Cavalry |
| 17:21 | Queue | Villager (Male) |
| 17:27 | Build | Blacksmith |
| 17:36 | Queue | Skirmisher |
| 17:46 | Queue | Villager (Male) |
| 18:08 | Queue | Villager (Male) |
| 18:09 | Build | Farm |
| 18:12 | Queue | Skirmisher |
| 18:19 | Research | Fletching |
| 18:19 | Research | Fletching |
| 18:22 | Queue | Skirmisher |
| 18:23 | Queue | Villager (Male) |
| 18:33 | Queue | Villager (Male) |
| 18:34 | Build | House |
| 19:06 | Queue | Skirmisher |
| 19:08 | Queue | Villager (Male) |
| 19:13 | Build | Market |
| 19:35 | Build | Farm |
| 19:38 | Build | Farm |
| 19:43 | Build | Farm |
| 19:58 | Build | Farm |
| 19:59 | Queue | Villager (Male) |
| 20:16 | Build | Palisade Gate |
| 20:18 | Build | Palisade Wall |
| 20:20 | Build | Palisade Wall |
| 20:27 | Build | Palisade Gate |
| 20:30 | Build | Palisade Gate |
| 20:34 | Build | Palisade Wall |
| 20:44 | Build | Mining Camp |
| 21:28 | Build | Farm |
| 21:38 | Research | Castle Age |
| 21:38 | Research | Castle Age |
| 21:50 | Build | House |
| 22:04 | Build | House |
| 22:06 | Build | Palisade Wall |
| 22:12 | Build | Palisade Wall |
| 22:13 | Build | Palisade Wall |
| 22:40 | Build | Archery Range |
| 22:52 | Queue | Villager (Male) |
| 22:56 | Build | Archery Range |
| 23:31 | Queue | Spearman |
| 24:18 | Age | Castle Age |
| 24:19 | Queue | Cavalry Archer |
| 24:20 | Queue | Cavalry Archer |
| 24:21 | Queue | Villager (Male) |
| 24:24 | Research | Husbandry |
| 24:34 | Build | Monastery |
| 24:43 | Research | Bodkin Arrow |
| 24:46 | Queue | Cavalry Archer |
| 24:47 | Queue | Cavalry Archer |
| 24:47 | Queue | Villager (Male) |
| 25:15 | Queue | Cavalry Archer |
| 25:16 | Queue | Villager (Male) |
| 25:17 | Queue | Monk |
| 25:34 | Queue | Cavalry Archer |
| 25:34 | Queue | Cavalry Archer |
| 25:34 | Queue | Villager (Male) |
Match timeline
| 7:06 | pepeshimada · first_building Barracks |
| 7:26 | Proctologue · first_building Barracks |
| 8:02 | pepeshimada · wall_segment Palisade Wall x4 |
| 8:31 | Proctologue · wall_segment Palisade Wall x2 |
| 8:32 | Proctologue · wall_segment Palisade Wall x1 |
| 8:34 | Proctologue · wall_segment Palisade Wall x1 |
| 8:34 | Proctologue · wall_segment Palisade Wall x1 |
| 8:35 | Proctologue · wall_segment Palisade Wall x1 |
| 8:51 | Proctologue · age_up feudal |
| 8:53 | Proctologue · first_building Archery Range |
| 8:58 | pepeshimada · age_up feudal |
| 9:04 | pepeshimada · first_building Stable |
| 9:44 | pepeshimada · wall_segment Palisade Wall x17 |
| 11:50 | Proctologue · wall_segment Palisade Wall x1 |
| 13:31 | pepeshimada · first_building Archery Range |
| 19:27 | Proctologue · first_building Stable |
| 20:18 | pepeshimada · wall_segment Palisade Wall x1 |
| 20:20 | pepeshimada · wall_segment Palisade Wall x1 |
| 20:34 | pepeshimada · wall_segment Palisade Wall x1 |
| 20:58 | pepeshimada · first_market_sell 100 wood |
| 22:06 | pepeshimada · wall_segment Palisade Wall x4 |
| 22:12 | pepeshimada · wall_segment Palisade Wall x7 |
| 22:13 | pepeshimada · wall_segment Palisade Wall x7 |
| 22:23 | Proctologue · wall_segment Palisade Wall x1 |
| 23:38 | Proctologue · wall_segment Palisade Wall x1 |
| 24:02 | Proctologue · age_up castle |
| 24:18 | pepeshimada · age_up castle |
| 24:19 | Proctologue · first_building Monastery |
| 24:34 | pepeshimada · first_building Monastery |
| 26:57 | pepeshimada · wall_segment Palisade Wall x7 |
| 28:31 | Proctologue · first_market_buy 100 food |
| 30:56 | pepeshimada · wall_segment Palisade Wall x1 |
| 31:27 | pepeshimada · wall_segment Stone Wall x1 |
| 31:32 | pepeshimada · wall_segment Stone Wall x1 |
| 35:58 | pepeshimada · first_market_buy 100 wood |
| 40:40 | pepeshimada · resign |
[ AI ANALYSIS · 1 CREDIT ]
What really happened in this match?
Wolo.gg analyzes every decision: build order, eco, micro, common mistakes by bracket. Personalized analysis on WhatsApp or Discord in 30 seconds.
Civ guide
Lithuanians
Perfil
Jugador #19202084